 Dungeon Crawl Stone Soup version 0.20-a0-1043-gbd57889 (webtiles) character file.

3369 Gorglomux the Cleaver (level 10, 0/84 HPs)
             Began as a Hill Orc Venom Mage on Apr 24, 2017.
             Was a Believer of Makhleb.
             Slain by a gnoll sergeant
             ... wielding a +0 glaive
              (14 damage)
             ... in a bailey.
             The game lasted 00:15:42 (5121 turns).

Gorglomux the Cleaver (Hill Orc Venom Mage)         Turns: 5121, Time: 00:15:43

Health: 0/84       AC:  7    Str: 13    XL:     10   Next: 3%
Magic:  17/17      EV: 12    Int: 17    God:    Makhleb [**....]
Gold:   409        SH:  0    Dex: 13    Spells: 11/12 levels left

rFire    . . .     SeeInvis .   I - +0 war axe
rCold    . . .     Gourm    .   (no shield)
rNeg     + . .     Faith    .   i - +1 troll leather armour {regen}
rPois    .         Spirit   .   E - +0 helmet
rElec    .         Reflect  .   t - +0 cloak
rCorr    .         Harm     .   (no gloves)
MR       .....                  (no boots)
Stlth    ++........             q - amulet of rage {+Rage, !d}
Regen    0.7/turn               e - +6 ring of slaying
MPRegen  0.2/turn               z - ring of positive energy {rN+}

@: no status effects
A: thin skeletal structure 1, clever 1, weak 1
a: Minor Destruction, Renounce Religion, Evoke Berserk Rage


You were in a bailey.
You worshipped Makhleb.
Makhleb was pleased with you.
You were not hungry.

You visited 1 branch of the dungeon, and saw 7 of its levels.
You also visited: Bailey.

You collected 409 gold pieces.

Inventory:

Hand Weapons
 A - a +1 battleaxe
   (You found it on level 3 of the Dungeon)
 H - a +1 hand axe of flaming
   (You found it on level 4 of the Dungeon)
 I - a +0 war axe (weapon)
   (You took it off an orc on level 5 of the Dungeon)
Missiles
 s - 5 throwing nets {=f, !d}
Armour
 i - a +1 troll leather armour (worn) {regen}
   (You found it on level 1 of the Dungeon)
 t - a +0 cloak (worn)
   (You found it on level 8 of the Dungeon)
 E - a +0 helmet (worn)
   (You found it on level 3 of the Dungeon)
Jewellery
 e - a +6 ring of slaying (left hand)
   (You found it on level 1 of the Dungeon)
 q - an amulet of rage (around neck) {+Rage, !d}
   (You found it on level 2 of the Dungeon)
 z - a ring of positive energy (right hand) {rN+}
   (You found it on level 8 of the Dungeon)
 C - an uncursed ring of flight {+Fly, !d}
   (You found it on level 3 of the Dungeon)
Wands
 x - a wand of paralysis (13/24)
   (You found it on level 7 of the Dungeon)
Scrolls
 a - a scroll of amnesia
 f - a scroll of enchant armour
 l - 2 scrolls of fear
 n - a scroll of silence {unknown}
 r - a scroll of noise {unknown}
 v - a scroll of magic mapping {!r}
 y - a scroll of identify
 D - 2 scrolls of immolation {unknown}
Potions
 d - a potion of curing
 h - a potion of mutation {!q}
 k - a potion of berserk rage {unknown}
 m - a potion of invisibility {unknown}
 o - a potion of flight
 u - a potion of cancellation
Books
 b - a Young Poisoner's Handbook
Comestibles
 c - 3 bread rations {@e1@e1}
 g - 11 fruits
 j - 5 royal jellies
 w - 3 meat rations {@e2@e2}
 B - 4 chunks of flesh {@w0@w0}


   Skills:
 + Level 6.3 Fighting
 * Level 11.7 Axes
 + Level 3.2 Armour
 - Level 1.7 Dodging
 - Level 1.5 Stealth
 - Level 1.5 Spellcasting
 - Level 1.1 Conjurations
 - Level 2.6 Poison Magic
 - Level 10.4 Invocations


You had 11 spell levels left.
You knew the following spells:

 Your Spells              Type           Power        Failure   Level  Hunger
a - Sting                 Conj/Pois      #...         12%         1    ##.....


Dungeon Overview and Level Annotations

Branches:
Dungeon (8/15)
 Temple: D:4-7         Lair: D:8-11

Altars:
Makhleb
Sif Muna
Trog
Wu Jian
Zin

Shops:
D:4 %

Annotations:
D:3 Gorglomux's ghost, amateur HOHu
D:8 exclusion: ice statue


Innate Abilities, Weirdness & Mutations

You have a somewhat thin skeletal structure. (Dex +2, Stealth)
Your mind is acute. (Int +2)
You are weak. (Str -2)


Message History

The gnoll sergeant misses you.
You slash the gnoll shaman!
You hit the gnoll sergeant but do no damage.
Your neqoxec barely misses the gnoll sergeant.
The gnoll shaman misses you.
Your shadow imp hits the gnoll sergeant but does no damage.
The gnoll sergeant misses you. x2
You completely miss the gnoll shaman. You slash the gnoll sergeant!
The gnoll shaman prays to its god.
The gnoll shaman is healed somewhat.
Your neqoxec hits the gnoll sergeant but does no damage.
Your shadow imp hits the gnoll sergeant but does no damage.
The gnoll sergeant closely misses you. The gnoll shaman barely misses you.
The gnoll sergeant barely misses you.
You hit the gnoll sergeant. You hit the gnoll shaman.
Your neqoxec gestures at the gnoll sergeant.
The gnoll sergeant twists and deforms.
The gnoll sergeant closely misses you.
Your shadow imp barely misses the gnoll sergeant.
The gnoll shaman calls upon its god to heal the gnoll sergeant.
The gnoll sergeant is healed somewhat.
The gnoll sergeant hits you from afar with a glaive.
You take 2 damage, and have 81/83 hp.
You hit the gnoll shaman. You barely miss the gnoll sergeant.
The gnoll shaman hits you but does no damage.
The gnoll sergeant barely misses you.
The gnoll sergeant hits you with a halberd!
Your shadow imp hits the gnoll sergeant.
Your neqoxec barely misses the gnoll sergeant.
The gnoll sergeant barely misses you.
You take 12 damage, and have 69/83 hp.
You barely miss the gnoll shaman. You slash the gnoll sergeant!
The gnoll shaman calls upon its god to heal the gnoll sergeant.
The gnoll sergeant is healed somewhat.
The gnoll sergeant hits you but does no damage.
The gnoll shaman hits you from afar with a halberd!
Your neqoxec barely misses the gnoll sergeant.
Your shadow imp closely misses the gnoll sergeant.
The gnoll sergeant closely misses you.
The gnoll sergeant hits you from afar with a glaive!
The gnoll shaman closely misses you.
You take 22 damage, and have 47/83 hp.
MASSIVE DAMAGE!!
You hit the gnoll sergeant. You hit the gnoll shaman.
You kill the gnoll shaman!
Makhleb accepts your kill.
The gnoll sergeant hits you but does no damage.
The gnoll shaman barely misses you.
The gnoll sergeant hits you from afar with a glaive!
Your shadow imp barely misses the gnoll sergeant.
Your neqoxec barely misses the gnoll sergeant.
The gnoll sergeant hits you but does no damage.
You take 10 damage, and have 37/83 hp.
You slash the gnoll sergeant!
You kill the gnoll sergeant!
Makhleb accepts your kill.
The gnoll sergeant hits you from afar with a halberd.
The gnoll sergeant hits you from afar with a glaive!!
* * * LOW HITPOINT WARNING * * *
Your shadow imp barely misses the gnoll sergeant.
Your neqoxec hits the gnoll sergeant.
The gnoll shaman hits you from afar with a halberd.
* * * LOW HITPOINT WARNING * * *
You take 24 damage, and have 13/84 hp.
MASSIVE DAMAGE!!
The gnoll sergeant hits your neqoxec with a halberd!
Your neqoxec hits the gnoll sergeant.
The gnoll sergeant hits your neqoxec with a halberd!
Your shadow imp hits the gnoll sergeant but does no damage.
There is an open door here.
Things that are here:
a halberd; a ring mail The gnoll sergeant barely misses your neqoxec.
Your neqoxec closely misses the gnoll sergeant.
The gnoll sergeant hits you but does no damage.
Your shadow imp hits the gnoll sergeant but does no damage.
Things that are here:
a spear; a ring mail; a gnoll corpse The gnoll shaman calls upon its god to heal the gnoll sergeant.
The gnoll sergeant is healed somewhat.
The gnoll sergeant barely misses your neqoxec.
Your shadow imp gestures at the gnoll sergeant.
The gnoll sergeant struggles to resist.
Your neqoxec hits the gnoll sergeant.
The gnoll sergeant closely misses your neqoxec.
The gnoll shaman calls upon its god to heal the gnoll sergeant.
The gnoll sergeant is healed somewhat.
Your neqoxec barely misses the gnoll sergeant.
The gnoll sergeant barely misses your neqoxec.
The gnoll sergeant closely misses you.
The gnoll sergeant barely misses your neqoxec.
Your neqoxec hits the gnoll sergeant.
Your neqoxec gestures.
The gnoll shaman hits your shadow imp with a halberd.
The gnoll sergeant hits you from afar with a glaive.
* * * LOW HITPOINT WARNING * * *
You take 5 damage, and have 12/84 hp.
The gnoll sergeant closely misses you.
Okay, then.
You fail to use your ability.
The gnoll sergeant hits you from afar with a glaive!
You die...

♣♣♣♣♣♣♣♣♣♣♣♣♣♣♣♣♣♣♣♣
≈≈≈≈≈≈≈≈≈≈≈≈≈≈≈≈≈≈≈♣♣
))#############.@.≈≈♣
### ##...≈♣ # ##g.≈♣
# #..≈♣ # ##### #..≈♣
# ##...## #5.≈♣
######.....###+##..≈♣
'...#.......#......≈♣
'...)...8...'......≈♣


You could see a gnoll sergeant and a friendly quasit (wandering).

Vanquished Creatures
  4 ice devils (D:8)
  A water moccasin (D:7)
  A sky beast (D:7)
  An orc warrior (D:7)
  3 ogres
  3 centaurs
  A bullfrog (D:4)
  3 gnoll sergeants (Bailey)
  5 wights (D:8)
  2 howler monkeys
  2 crimson imps
  5 hounds
  3 gnoll shamans (Bailey)
  An orc priest (D:7)
  4 orc wizards
  Jessica (D:3)
  2 iguanas
  4 worker ants
  A hound zombie (D:5)
  A hound skeleton (D:7)
  23 gnolls
  8 adders
  7 ufetubi (D:8)
  An adder zombie (D:5)
  An adder skeleton (D:4)
  4 worms
  3 dart slugs (D:2)
  4 leopard geckos
  9 orcs
  2 giant cockroaches
  5 hobgoblins
  4 jackals (D:2)
  6 quokkas
  A ball python (D:2)
  2 bats
  4 frilled lizards
  9 goblins
  5 kobolds
  A leopard gecko zombie (D:5)
  A quokka skeleton (D:4)
  4 rats
152 creatures vanquished.

Notes
Turn   | Place    | Note
-------+----------+-------------------------------------------
     0 | D:1      | Gorglomux the Hill Orc Venom Mage began the quest for the Orb.
     0 | D:1      | Reached XP level 1. HP: 14/14 MP: 3/3
    73 | D:1      | Reached skill level 1 in Fighting
   164 | D:1      | Reached XP level 2. HP: 22/23 MP: 2/4
   278 | D:1      | Reached skill level 2 in Fighting
   570 | D:2      | Reached XP level 3. HP: 30/30 MP: 5/5
   583 | D:2      | Reached skill level 3 in Fighting
  1246 | D:3      | Noticed Jessica
  1253 | D:3      | Killed Jessica
  1253 | D:3      | Reached skill level 4 in Fighting
  1253 | D:3      | Reached XP level 4. HP: 35/41 MP: 0/6
  1381 | D:3      | Noticed Gorglomux's ghost (amateur HOHu)
  1428 | D:3      | HP: 9/41 [Gorglomux's ghost (8)]
  1550 | D:3      | Found a burning altar of Makhleb.
  1561 | D:3      | Reached skill level 5 in Fighting
  1586 | D:3      | Reached XP level 5. HP: 48/48 MP: 5/7
  1601 | D:3      | Became a worshipper of Makhleb the Destroyer
  1756 | D:3      | Found a deep blue altar of Sif Muna.
  1760 | D:3      | Reached skill level 1 in Axes
  2041 | D:3      | Found an ornate altar of the Wu Jian Council.
  2049 | D:3      | Found a bloodstained altar of Trog.
  2053 | D:3      | Found a glowing silver altar of Zin.
  2168 | D:3      | Reached skill level 2 in Axes
  2358 | D:4      | Found Susaos's Food Shop.
  2433 | D:4      | Reached skill level 3 in Axes
  2434 | D:4      | Noticed an ogre
  2457 | D:4      | Killed an ogre
  2457 | D:4      | Reached skill level 5 in Axes
  2457 | D:4      | Reached XP level 6. HP: 56/56 MP: 4/8
  2689 | D:4      | Reached skill level 6 in Axes
  2689 | D:4      | Reached XP level 7. HP: 43/61 MP: 7/9
  2756 | D:3      | Reached skill level 7 in Axes
  2813 | D:4      | Reached * piety under Makhleb
  3268 | D:4      | Reached skill level 8 in Axes
  3374 | D:5      | Entered Level 5 of the Dungeon
  3425 | D:5      | Reached skill level 9 in Axes
  3708 | D:5      | Reached XP level 8. HP: 65/68 MP: 10/10
  3819 | D:5      | You fall through a shaft for 3 floors!
  3879 | D:8      | Reached skill level 10 in Axes
  3909 | D:8      | Reached ** piety under Makhleb
  3999 | D:8      | Reached skill level 1 in Invocations
  4095 | D:8      | Reached skill level 2 in Invocations
  4103 | D:8      | Reached skill level 3 in Invocations
  4110 | D:8      | Reached skill level 4 in Invocations
  4153 | D:8      | Noticed an ice devil
  4153 | D:8      | Noticed an ice statue
  4155 | D:8      | Noticed an ice devil
  4155 | D:8      | Noticed an ice devil
  4158 | D:8      | Noticed an ice devil
  4160 | D:8      | Noticed an ice devil
  4172 | D:8      | Reached skill level 5 in Invocations
  4236 | D:8      | Killed an ice devil
  4236 | D:8      | Reached skill level 7 in Invocations
  4239 | D:8      | Killed an ice devil
  4239 | D:8      | Reached skill level 8 in Invocations
  4239 | D:8      | Reached XP level 9. HP: 50/74 MP: 12/15
  4294 | D:8      | Killed an ice devil
  4294 | D:8      | Reached skill level 9 in Invocations
  4307 | D:8      | Killed an ice devil
  4307 | D:8      | Reached skill level 10 in Invocations
  4496 | D:7      | Reached skill level 1 in Armour
  4666 | D:7      | Found a flagged portal.
  4672 | D:7      | Reached skill level 2 in Armour
  4673 | D:7      | Reached skill level 11 in Axes
  4713 | Bailey   | Entered a bailey
  4720 | Bailey   | Reached skill level 6 in Fighting
  4773 | Bailey   | Gained mutation: You are weak. (Str -2) [potion of mutation]
  4773 | Bailey   | Gained mutation: You have a somewhat thin skeletal structure. (Dex +2, Stealth) [potion of mutation]
  4773 | Bailey   | Gained mutation: Your mind is acute. (Int +2) [potion of mutation]
  4790 | Bailey   | HP: 17/75 [cloud of steam (9)]
  4935 | Bailey   | HP: 17/75 [gnoll sergeant/glaive (12)]
  4940 | Bailey   | Reached *** piety under Makhleb
  5069 | Bailey   | Reached XP level 10. HP: 77/83 MP: 17/17
  5072 | Bailey   | Reached skill level 3 in Armour
  5109 | Bailey   | HP: 18/84 [gnoll sergeant/glaive (18)]
  5117 | Bailey   | HP: 12/84 [gnoll sergeant/glaive (6)]
  5121 | Bailey   | Slain by a gnoll sergeant

Vault maps used:
D:1:      grunt_arrival_lava_bath
D:2:      minmay_wonky_spiral
D:3:      minitemple, makhleb_heckhound_becter, lemuel_crystal_altar,
          minmay_misc_feat_five, minmay_misc_feat_hallway,
          kennysheep_generic_room_14, uniq_jessica
D:4:      serial_shops, shop, first_bread, hangedman_decor_riveting
D:7:      old_standard_altar, enter_bailey_2
D:8:      cheibrodos_frozen_isle
Bailey:   bailey_polearm_gnolls_kennysheep, bailey

Skill      XL: |  1  2  3  4  5  6  7  8  9 10 |
---------------+-------------------------------+-----
Fighting       | 1 2 4 5 6 |  6.3
Axes           | 5 6 9 10 11 | 11.7
Invocations    | 8 10 | 10.4
Armour         | 2 3 |  3.2
Dodging        | |  1.7
Stealth        | |  1.5
Spellcasting   | |  1.5
Conjurations   | |  1.1
Poison Magic   | |  2.6

Action                   |  1- 3 |  4- 6 |  7- 9 | 10-12 || total
-------------------------+-------+-------+-------+-------++-------
Melee: Spear             |    38 |   145 |    29 |       ||   212
       Unarmed           |     1 |       |       |       ||     1
       War axe           |       |       |   132 |     9 ||   141
       Hand axe          |       |       |    13 |       ||    13
       Battleaxe         |       |       |     5 |       ||     5
 Cast: Sting             |    23 |    29 |    34 |       ||    86
Invok: Minor Destruction |       |       |   148 |     6 ||   154
       Lesser Servant of |       |       |       |     1 ||     1
  Use: Scroll            |       |       |    14 |       ||    14
       Potion            |       |       |     5 |       ||     5
 Stab: Sleeping          |     5 |     2 |     1 |       ||     8
  Eat: Chunk             |     1 |     6 |     9 |       ||    16
Armor: Troll leather arm |     4 |    25 |    48 |     8 ||    85
Dodge: Dodged            |    17 |    69 |   107 |    26 ||   219

Vault maps used:
D:1:      grunt_arrival_lava_bath
D:2:      minmay_wonky_spiral
D:3:      minitemple, makhleb_heckhound_becter, lemuel_crystal_altar,
          minmay_misc_feat_five, minmay_misc_feat_hallway,
          kennysheep_generic_room_14, uniq_jessica
D:4:      serial_shops, shop, first_bread, hangedman_decor_riveting
D:7:      old_standard_altar, enter_bailey_2
D:8:      cheibrodos_frozen_isle
Bailey:   bailey_polearm_gnolls_kennysheep, bailey

Table legend:
 A = Turns spent in this place as a percentage of turns spent in the entire game.
 B = Non-inter-level travel turns spent in this place as a percentage of non-inter-level travel turns spent in the entire game.
 C = Inter-level travel turns spent in this place as a percentage of turns spent in this place.
 D = Turns resting spent in this place as a percentage of non-inter-level travel turns spent in this place.
 E = Turns spent auto-exploring this place as a percentage of non-inter-level travel turns spent in this place.
 F = Non-inter-level travel turns spent in this place divided by the number of levels of this place that you've seen.
                   A       B       C       D       E      F
               +-------+-------+-------+-------+-------+----------------------
         Total | 100.0 | 100.0 |   0.4 |   2.3 |   8.3 | 277.1
       Dungeon |  89.2 |  89.2 |   0.5 |   2.4 |   8.7 | 282.4
        Bailey |  10.8 |  10.8 |   0.0 |   1.7 |   4.6 | 240.0
               +-------+-------+-------+-------+-------+----------------------

Table legend:
 A = Kills in this place as a percentage of kills in entire the game.
 B = Kills by you in this place as a percentage of kills by you in the entire game.
 C = Kills by friends in this place as a percentage of kills by friends in the entire game.
 D = Other kills in this place as a percentage of other kills in the entire game.
 E = Experience gained in this place as a percentage of experience gained in the entire game.
 F = Experience gained in this place divided by the number of levels of this place that you have seen.
                   A       B       C       D       E      F
               +-------+-------+-------+-------+-------+----------------------
         Total | 100.0 | 100.0 |  -nan |  -nan | 100.0 | 601.8
       Dungeon |  86.2 |  86.2 |  -nan |  -nan |  86.3 | 593.6
        Bailey |  13.8 |  13.8 |  -nan |  -nan |  13.7 | 659.0
               +-------+-------+-------+-------+-------+----------------------
